Cogmind - Beta 17 @@@ ROGUE MODE // 2026.07.07 @ 00:48:43 Player: alice_fexa Result: Destroyed by M7-JA3(g) with Beamcaster Performance ------------- Evolutions (5) 2500 Regions Visited (12) 2400 Robots Destroyed (120) 600 Value Destroyed (4197) 4197 Prototype IDs (18) 360 Alien Tech Used (1) 200 Bonus (11330) 11330 TOTAL SCORE: 21587 Bonus ------- Follower Combat Kills 596 Prayed to X0-1V1 5000 Major X0-1V1 Interference 4650 Registered with UFD 300 Met Optimus in HQ 500 Met Data Miner 300 Friendly Fire -16 Cogmind --------- Core Integrity 0/1025 Matter 900/900 Energy 100/100 System Corruption 4% Temperature Cool (9) Movement Core (800) Ox15 Location -5/Upper Caves Parts ------- > --- POWER (2) -------- (None) > --- PROPULSION (4) --- (None) > --- UTILITY (9) ------ High-capacity Storage Unit Visual Processing Unit Advanced Melee Analysis Suite Core Analyzer X0-1V1's Piety Tracker > --- WEAPON (2) ------- Chainsword Power Sword > --- INVENTORY (20) --- Light Angular Momentum Engine Advanced Heat Sink Energy Well (350) Large Matter Pod (150) Improved Sensor Array Improved Signal Interpreter ID Mask Long-range Tractor Beam EM Pulse Cannon Heavy Proton Missile Launcher Rocket Launcher LU-1G1's Laser Shovel Improved Plasma Cutter CPS Tube (2) Peak State ------------ > --- POWER ------------ Light Angular Momentum Engine Light Fission Core > --- PROPULSION ------- Carbon-fiber Leg Flexi-carbon Leg Flexi-carbon Leg Thunder Leg > --- UTILITY ---------- Coolant Injector High-capacity Storage Unit Visual Processing Unit Advanced Signal Interpreter Core Analyzer Microactuators Force Booster High-powered Tractor Beam X0-1V1's Piety Tracker > --- WEAPON ----------- LU-1G1's Laser Shovel Power Sword Companion Sword > --- INVENTORY -------- Light Angular Momentum Engine Neutrino Core Carbon-fiber Leg Carbon-fiber Leg Carbon-fiber Leg Energy Well Large Matter Pod Improved Sensor Array Improved Signal Interpreter ID Mask Long-range Tractor Beam EM Pulse Cannon Heavy Proton Missile Launcher Rocket Launcher Improved Plasma Cutter CPS Tube Chainsword Power Sword [Rating: 93] Favorites ----------- Power Improved Deuterium Engine Engine Improved Deuterium Engine Power Core Light Fission Core Propulsion Flexi-carbon Leg Treads Light Treads Leg Flexi-carbon Leg Wheel Armored Wheel Flight Unit VTOL Module Utility X0-1V1's Piety Tracker Device X0-1V1's Piety Tracker Storage Large Storage Unit Processor Core Analyzer Hackware System Shield Protection Light Armor Plating Weapon Companion Sword Energy Gun Improved EM Shotgun Energy Cannon EM Pulse Cannon Ballistic Gun Light Assault Rifle Ballistic Cannon Improved Light Cannon Launcher Rocket Launcher Special Weapon LU-1G1's Laser Shovel Slashing Weapon Companion Sword Build | -11 -10 -10 -8 -8 -6 -6 -6 -6 -5 -5 -5 -5 ------- Run | Yrd Mat Sub Rec Scr Fac Low Low Dat Pro Fac Upp Upp Slots Evolved 10 | . . . . . 8 . . . . 2 . . Power 1 | . . . . . 1 . . . . . . . Propulsion 2 | . . . . . 2 . . . . . . . Utility 6 | . . . . . 5 . . . . 1 . . Weapon 1 | . . . . . . . . . . 1 . . Parts Attached 142 | 6 8 9 . 10 57 6 1 . 5 24 9 7 Power 27 | 1 1 1 . 1 12 2 . . 1 6 2 . Engine 15 | 1 1 . . . 7 2 . . 1 3 . . Core 12 | . . 1 . 1 5 . . . . 3 2 . Reactor . | . . . . . . . . . . . . . Propulsion 49 | 2 . 3 . 5 22 3 1 . 2 6 4 1 Treads 11 | 2 . 1 . 2 5 . . . . . . 1 Leg 24 | . . . . 3 7 3 1 . 1 6 3 . Wheel 12 | . . 2 . . 8 . . . 1 . 1 . Hover . | . . . . . . . . . . . . . Flight 2 | . . . . . 2 . . . . . . . Utility 46 | 1 2 2 . 2 21 1 . . 1 9 3 4 Device 23 | . . 1 . 1 9 1 . . . 7 3 1 Storage 4 | 1 1 . . 1 1 . . . . . . . Processor 6 | . . . . . 4 . . . . 1 . 1 Hackware 3 | . . . . . 3 . . . . . . . Protection 10 | . 1 1 . . 4 . . . 1 1 . 2 Artifact . | . . . . . . . . . . . . . Weapon 20 | 2 5 3 . 2 2 . . . 1 3 . 2 Energy Gun 2 | . 1 1 . . . . . . . . . . Energy Cannon 1 | . . . . . . . . . 1 . . . Ballistic Gun 2 | 2 . . . . . . . . . . . . Ballistic Cannon 4 | . 3 1 . . . . . . . . . . Launcher 3 | . 1 . . . 1 . . . . 1 . . Special Weapon 2 | . . 1 . . 1 . . . . . . . Impact Weapon . | . . . . . . . . . . . . . Slashing Weapon 6 | . . . . 2 . . . . . 2 . 2 Piercing Weapon . | . . . . . . . . . . . . . Special Melee Weapon . | . . . . . . . . . . . . . Unidentified Prototypes 8 | . 1 . . 2 2 . . . 1 2 . . Parts Lost 78 | . . 7 . . 26 3 . . 4 14 9 15 Power 15 | . . 1 . . 5 1 . . 2 2 2 2 Propulsion 28 | . . 1 . . 12 1 . . 1 4 4 5 Utility 29 | . . 2 . . 9 1 . . 1 7 3 6 Weapon 6 | . . 3 . . . . . . . 1 . 2 Highest Loss Streak 13 | . . 4 . . 9 1 . . 4 3 7 13 To Critical Strikes . | . . . . . . . . . . . . . Average Backups 15 | 3 13 14 9 14 14 18 19 20 19 18 18 15 Power . | . 1 . . . . . . . . 1 1 1 Propulsion 1 | 1 1 . . 1 . 2 2 3 3 3 1 . Utility 5 | . 3 4 4 4 4 7 7 8 6 5 6 7 Weapon 6 | . 6 6 4 6 6 7 7 7 7 5 5 4 Tool/Special . | . . . . . . . . . . . . . Unused Backups 50 | . 14 3 . 11 8 1 2 . . 2 . 9 Power 6 | . 2 . . . 2 . . . . 1 . 1 Propulsion 6 | . 2 3 . 1 . . . . . . . . Utility 15 | . 2 . . 4 3 1 . . . . . 5 Weapon 20 | . 8 . . 5 3 . 2 . . 1 . 1 Tool/Special 3 | . . . . 1 . . . . . . . 2 Average Slot Usage (%) 93 | . 96 98 100 99 85 89 92 93 90 90 92 49 Engine 7 | . 14 12 . . 7 10 13 13 9 4 3 . Core 4 | . . . 13 14 4 2 . . . 4 5 1 Treads 10 | . 27 24 13 13 5 5 . . . . . . Leg 11 | . . . . 5 12 17 32 33 31 21 20 2 Wheel 7 | . . 4 26 22 9 5 . . . 1 1 . Device 12 | . . 11 . 9 16 12 13 13 13 18 23 6 Storage 9 | . 14 13 13 14 6 6 6 6 6 5 5 5 Processor 6 | . . . . . 4 13 13 13 13 16 17 17 Protection 5 | . 10 1 13 4 4 6 6 6 7 4 . 1 Energy Gun 2 | . . 17 . . . . . . . . . . Ballistic Gun 1 | . 12 . . . . . . . . . . . Ballistic Cannon 3 | . 15 3 18 4 . . . . . . . . Special Weapon 1 | . . 6 . . . . . . . . 2 . Slashing Weapon 5 | . . . . 9 6 6 5 6 5 8 7 10 Peak Build Rating 93 | 6 12 17 16 36 73 78 78 77 78 93 91 75 Average Rating 45 | 4 9 13 14 26 58 68 76 77 73 79 80 39 On Entrance 46 | . 6 12 16 14 36 62 73 77 77 67 84 75 Avg Prop Armor Cover (%) 14 | . . 9 8 14 14 13 . . 19 17 23 19 Naked Turns . | . . . . . . . . . . . . . Heaviest Build 82 | 11 36 36 36 32 77 82 82 82 82 77 82 82 Greatest Support 98 | 40 40 40 24 24 85 98 98 98 98 95 78 23 Greatest Overweight (x) 22 | . 1 1 1 2 8 4 1 . 6 6 8 22 Average Overweight (x) 1 | . . . 1 1 1 1 . . . 1 2 7 Largest Inventory Capacity 20 | 8 15 15 15 15 20 20 20 20 20 20 20 20 Average Capacity 16 | 7 14 15 15 15 15 20 20 20 20 20 20 20 Most Carried 20 | 5 15 15 11 15 20 20 20 20 20 20 20 16 Average Carried 15 | 3 13 14 9 14 15 18 19 20 19 18 18 15 Final Capacity 20 | 8 15 15 15 15 20 20 20 20 20 20 20 20 Final Carried 20 | 5 15 9 11 15 20 18 20 20 17 19 16 14 Class Distribution -------------------- 50% | Mutant 33% | Scavenger-Mutant 9% | Scavenger-Gladiator 3% | Scavenger-Assassin Dominant Class ---------------- Mutant | -10/Materials Mutant | -10/Subcaves Mutant | -8/Recycling Mutant | -8/Scraptown Scavenger-Mutant | -6/Factory Scavenger-Mutant | -6/Lower Caves Scavenger-Mutant | -6/Lower Caves Scavenger-Mutant | -6/Data Miner Scavenger-Mutant | -5/Proximity Caves Scavenger-Gladiator | -5/Factory Scavenger-Assassin | -5/Upper Caves Gladiator | -5/Upper Caves Resources | -11 -10 -10 -8 -8 -6 -6 -6 -6 -5 -5 -5 -5 ----------- Run | Yrd Mat Sub Rec Scr Fac Low Low Dat Pro Fac Upp Upp Matter Collected 4664 | 284 403 553 149 242 980 170 314 . 369 415 556 229 Remotely 305 | . . . . . . . . . . 87 218 . Salvage Created 5970 | 132 516 617 138 91 1373 655 233 . 407 1273 328 207 Parts 297 | 5 42 46 3 1 75 16 5 . 15 70 10 9 Haulers Intercepted 3 | . 2 . . . 1 . . . . . . . Recyclers Shooed 1 | . . . . . 1 . . . . . . . Parts Field Recycled . | . . . . . . . . . . . . . Retrieved Matter . | . . . . . . . . . . . . . Parts Self-Destructed 68 | . . 10 . . . 21 13 . 8 . 7 9 Prevented 5 | . . 5 . . . . . . . . . . Parts Restored . | . . . . . . . . . . . . . Kills | -11 -10 -10 -8 -8 -6 -6 -6 -6 -5 -5 -5 -5 ------- Run | Yrd Mat Sub Rec Scr Fac Low Low Dat Pro Fac Upp Upp Combat Hostiles Destroyed 86 | . 14 16 . 2 14 6 1 . 10 16 4 3 Melee 46 | . . . . 2 14 6 . . 4 14 3 3 Guns 20 | . 8 12 . . . . . . . . . . Cannons 10 | . 3 4 . . . . . . 1 2 . . AOE 10 | . 3 . . . . . 1 . 5 . 1 . Classes Destroyed 20 | 2 6 3 . 1 4 1 . . 1 1 1 . Worker 6 | . . . . . 5 . . . . 1 . . Builder 1 | . 1 . . . . . . . . . . . Tunneler 4 | 3 . . . . . . . . . 1 . . Hauler 3 | . 2 . . . 1 . . . . . . . Recycler 10 | 1 . . 2 . 4 . . . . 3 . . Minesweeper 1 | . . . . . . . . . . . 1 . Operator 2 | . 1 . . . . . . . . 1 . . Turret 2 | . . 2 . . . . . . . . . . Watcher 5 | . 3 . . . 1 . . . . 1 . . Swarmer 23 | . 6 5 . . 5 . . . 5 2 . . Grunt 24 | . 8 . . . 2 3 1 . 4 4 2 . Brawler 1 | . . . . . . . . . . 1 . . Duelist 1 | . . . . . . 1 . . . . . . Sentry 7 | . . 1 . . 3 . . . 1 . 1 1 Hunter 10 | . . . . . 2 2 . . . 3 1 2 Programmer 7 | . . . . . 1 . . . . 6 . . Behemoth 1 | . . . . . 1 . . . . . . . Subdweller 10 | . . 10 . . . . . . . . . . Guru 2 | . . . . 2 . . . . . . . . Packrat 5 | . . . . . . 2 2 . . . 1 . Samaritan 1 | . . . . . . . . . 1 . . . Best Kill Streak 5 | 2 5 4 1 2 4 3 1 . 5 3 1 2 Combat Bots Only 5 | . 5 3 . 2 4 3 1 . 5 2 1 2 Max Kills in Single Turn 4 | 1 3 1 1 1 1 1 1 . 4 2 1 1 Gunslinging . | . . . . . . . . . . . . . Exploded 4 | . 3 . . . . . 1 . 4 . 1 . Melee 2 | . . . . 1 1 1 . . 1 2 1 1 Uniques/NPCs Destroyed . | . . . . . . . . . . . . . Combat | -11 -10 -10 -8 -8 -6 -6 -6 -6 -5 -5 -5 -5 -------- Run | Yrd Mat Sub Rec Scr Fac Low Low Dat Pro Fac Upp Upp Hostile Shots Fired 910 | . 46 109 . 17 342 55 5 . 39 124 69 104 Missed 246 | . 9 34 . 6 92 11 1 . 16 36 18 23 Hits 664 | . 37 75 . 11 250 44 4 . 23 88 51 81 Melee 10 | . . . . . . 10 . . . . . . Projectile 654 | . 37 75 . 11 250 34 4 . 23 88 51 81 AOE 4 | . . . . . 4 . . . . . . . Critical Strikes 17 | . 1 1 . . 3 5 . . 1 4 . 2 Part Disruptions 3 | . . . . . 1 . . . . 2 . . Damage Taken 10929 | . 377 1027 . 132 3317 1019 94 . 472 1577 1209 1705 Core 1925 | . 76 174 . 32 510 62 . . 36 206 160 669 Absorbed by Shields 313 | . . . . . 313 . . . . . . . Redirected to Shielding 35 | . . . . . . . . . . . . 35 Ignored by Resistances 531 | . . . . . 437 . . . . 94 . . Core Remaining (%) 75 | 100 . . . 51 . . . . 74 . . . Volleys Fired 155 | 6 47 62 10 . 1 . 1 . 6 17 5 . Largest 2 | 2 2 2 1 . 1 . 1 . 1 1 1 . Hottest 100 | 40 66 100 33 . 33 . 33 . 63 63 60 . Shots Fired 260 | 12 94 113 11 . 1 . 1 . 6 17 5 . Gun 132 | 12 62 58 . . . . . . . . . . Cannon 98 | . 31 45 11 . . . . . 1 10 . . Launcher 10 | . 1 . . . 1 . 1 . 5 2 . . Special 20 | . . 10 . . . . . . . 5 5 . Kinetic 161 | 12 93 45 11 . . . . . . . . . Thermal 20 | . . 10 . . . . . . . 5 5 . Explosive 10 | . 1 . . . 1 . 1 . 5 2 . . Electromagnetic 69 | . . 58 . . . . . . 1 10 . . Robot Hit Streak 13 | 6 7 13 2 . . . . . 1 9 . . Robot Miss Streak 4 | 2 4 3 2 . 1 . 2 . . 1 1 . Penetration Max . | . . . . . . . . . . . . . Secondary Targets 3 | . 2 1 . . . . . . . . . . Max Gunslinging Chain 1 | . 1 1 . . . . . . . . . . Shots Hit Robots 377 | 7 52 76 6 3 79 30 3 . 23 52 26 20 Core Hits 182 | 6 27 37 2 1 33 13 4 . 17 32 6 4 Critical Kills 1 | . 1 . . . . . . . . . . . Critical Parts Destroyed . | . . . . . . . . . . . . . Critical Strikes 15 | . 2 1 . . 4 . . . 2 4 . 2 Destroy 1 | . 1 . . . . . . . . . . . Blast 2 | . 1 1 . . . . . . . . . . Sever 2 | . . . . . . . . . . . . 2 Melee Attacks 297 | . . . . 9 96 35 3 . 30 71 32 21 Impact . | . . . . . . . . . . . . . Slashing 297 | . . . . 9 96 35 3 . 30 71 32 21 Piercing . | . . . . . . . . . . . . . Sneak Attacks 33 | . . . . . 16 2 3 . 2 8 2 . Combat Hostiles . | . . . . . . . . . . . . . Follow-up Attacks 7 | . . . . . . . . . . 7 . . Damage Inflicted 13813 | 79 862 1362 125 117 3789 1376 404 . 1352 2359 1173 815 Guns 1172 | 79 383 710 . . . . . . . . . . Cannons 1319 | . 375 591 125 . . . . . 28 200 . . Explosions 1084 | . 104 61 . . 159 . 152 . 404 204 . . Melee 10233 | . . . . 117 3630 1376 252 . 920 1955 1168 815 Ramming . | . . . . . . . . . . . . . Kinetic 1553 | 79 758 591 125 . . . . . . . . . Thermal 66 | . . 61 . . . . . . . . 5 . Explosive 1023 | . 104 . . . 159 . 152 . 404 204 . . Electromagnetic 938 | . . 710 . . . . . . 28 200 . . Impact . | . . . . . . . . . . . . . Slashing 10233 | . . . . 117 3630 1376 252 . 920 1955 1168 815 Piercing . | . . . . . . . . . . . . . Highest Corruption 22 | . 3 3 . 3 22 22 22 . . 10 10 4 Average Corruption 8 | . 2 2 . 2 12 22 22 . . 7 5 4 Corruption Purged 6 | . . . . . . . . . . . 6 . Corruption Blocked . | . . . . . . . . . . . . . Effects 188 | . 12 27 . 1 38 31 15 . . 41 19 4 Message Errors 54 | . 3 7 . . 12 9 5 . . 10 6 2 Matter Fused 46 | . 5 3 . . 9 10 3 . . 9 6 1 Heat Flow Errors 22 | . 1 2 . . 5 3 3 . . 7 1 . Energy Discharges 20 | . 1 2 . . 6 5 2 . . 2 2 . Parts Rejected 3 | . . . . . . 1 . . . 1 . 1 Parts Fused 4 | . 1 1 . 1 . . . . . . 1 . Data Loss (minor) 19 | . . 6 . . 2 2 2 . . 5 2 . Data Loss (major) 8 | . . 3 . . 1 1 . . . 3 . . Misfires 3 | . 1 2 . . . . . . . . . . Alerts 9 | . . 1 . . 3 . . . . 4 1 . Overload Shots . | . . . . . . . . . . . . . Overflow Damage 1125 | . . 10 . 17 348 212 56 . 145 236 83 18 Projectiles 3 | . . 3 . . . . . . . . . . Explosions 42 | . . 7 . . 32 . 3 . . . . . Melee 1080 | . . . . 17 316 212 53 . 145 236 83 18 Knockbacks 14 | . 1 9 4 . . . . . . . . . Impact . | . . . . . . . . . . . . . Kinetic 14 | . 1 9 4 . . . . . . . . . Secondary . | . . . . . . . . . . . . . Self-Inflicted Damage 68 | . . 20 . . 48 . . . . . . . Shots 2 | . . 1 . . 1 . . . . . . . Rammed . | . . . . . . . . . . . . . Targets Rammed . | . . . . . . . . . . . . . Kicked . | . . . . . . . . . . . . . Crushed . | . . . . . . . . . . . . . Highest Temperature 248 | . 191 76 2 . 224 179 248 . . 216 155 . Average Temperature 59 | . 30 43 2 . 95 66 111 . . 101 85 . Received Heat Transfer 2028 | . 123 267 . 12 555 261 27 . 153 162 153 315 Effects 2 | . . . . . 2 . . . . . . . Interference 2 | . . . . . 2 . . . . . . . Siege Activations . | . . . . . . . . . . . . . Martial Activations . | . . . . . . . . . . . . . Shielding Activations . | . . . . . . . . . . . . . Robots Disrupted . | . . . . . . . . . . . . . Combat Hostiles . | . . . . . . . . . . . . . Robots Corrupted . | . . . . . . . . . . . . . Combat Hostiles . | . . . . . . . . . . . . . Parts Fried 7 | . . 6 . . 1 . . . . . . . Impact Corruptions . | . . . . . . . . . . . . . Robots Melted . | . . . . . . . . . . . . . Combat Hostiles . | . . . . . . . . . . . . . Parts Melted 1 | . . . . 1 . . . . . . . . Heat Transferred 50 | . . 50 . . . . . . . . . . Parts Sabotaged . | . . . . . . . . . . . . . Parts Stolen . | . . . . . . . . . . . . . Parts Stripped . | . . . . . . . . . . . . . Power Chain Reactions 2 | . . 2 . . . . . . . . . . Alert | -11 -10 -10 -8 -8 -6 -6 -6 -6 -5 -5 -5 -5 ------- Run | Yrd Mat Sub Rec Scr Fac Low Low Dat Pro Fac Upp Upp Maximum Alert Level 1 | . 1 . . . 1 . . . . . . . Low Security (%) 97 | 100 94 . 100 . 96 . . . . 100 . . Level 1 2 | . 5 . . . 3 . . . . . . . Level 2 . | . . . . . . . . . . . . . Level 3 . | . . . . . . . . . . . . . Level 4 . | . . . . . . . . . . . . . Level 5 . | . . . . . . . . . . . . . High Security . | . . . . . . . . . . . . . Max Security . | . . . . . . . . . . . . . Peak Influence 313 | 5 213 . 49 . 313 . . . . 98 . . Initial 49 | . . . 49 . . . . . . 31 . . Average 64 | 1 100 . 13 . 77 . . . . 30 . . Influence Increases 3026 | 20 439 235 11 . 904 293 131 . 240 573 110 70 Destroy 0b10 Robot/C 1900 | . 280 160 . . 480 220 100 . 200 320 80 60 Destroy 0b10 Robot/NC 180 | 20 35 . 10 . 70 5 . . . 35 5 . Destroy Leader 296 | . 70 . . . 94 30 10 . 10 62 10 10 Allied During Kill 154 | . . . . . 91 38 21 . . 4 . . Successful Hack 41 | . 15 . . . . . . . . 26 . . Disable Machine 105 | . 30 . . . 45 . . . . 30 . . Destroy Structure 95 | . 9 . 1 . 49 . . . . 36 . . Lose Combat Pursuer 255 | . . 75 . . 75 . . . 30 60 15 . Influence Decreases 3026 | 20 355 216 114 . 591 508 229 . 190 623 110 70 Entered New Map 249 | . . 41 54 . . 116 19 . . 19 . . Time Decay 2164 | 20 355 129 60 . 401 302 177 . 150 469 71 30 Lost Part 474 | . . 46 . . 170 30 . . 40 109 39 40 Lost Ally 139 | . . . . . 20 60 33 . . 26 . . Squads Dispatched 19 | . 2 . . . 8 . . . . 9 . . Investigation 2 | . 1 . . . 1 . . . . . . . Extermination 8 | . . . . . 3 . . . . 5 . . Reinforcement 9 | . 1 . . . 4 . . . . 4 . . Assault . | . . . . . . . . . . . . . Garrison . | . . . . . . . . . . . . . Intercept . | . . . . . . . . . . . . . Searches Triggered . | . . . . . . . . . . . . . Construction Impeded . | . . . . . . . . . . . . . Haulers Reinforced 2 | . . . . . 1 . . . . 1 . . Active Scanning Responses . | . . . . . . . . . . . . . Cargo Convoy Interrupts . | . . . . . . . . . . . . . Stealth | -11 -10 -10 -8 -8 -6 -6 -6 -6 -5 -5 -5 -5 --------- Run | Yrd Mat Sub Rec Scr Fac Low Low Dat Pro Fac Upp Upp Distress Signals 2 | . . . . . . . . . . 2 . . Communications Jammed . | . . . . . . . . . . . . . Distress Signals . | . . . . . . . . . . . . . Times Spotted 156 | . 19 20 . 3 40 13 8 . 11 30 5 7 Peak Tracking Total 8 | . 8 3 . 3 7 4 4 . 5 5 3 4 Tactical Retreats 13 | . . 3 . . 4 . . . 2 3 1 . Traps | -11 -10 -10 -8 -8 -6 -6 -6 -6 -5 -5 -5 -5 ------- Run | Yrd Mat Sub Rec Scr Fac Low Low Dat Pro Fac Upp Upp Traps Triggered 10 | . 4 1 . . 3 . . . . 2 . . Indirectly . | . . . . . . . . . . . . . Trap Hack Attempts . | . . . . . . . . . . . . . Triggered . | . . . . . . . . . . . . . Disarmed . | . . . . . . . . . . . . . Reprogrammed . | . . . . . . . . . . . . . Reused . | . . . . . . . . . . . . . Traps Extracted . | . . . . . . . . . . . . . Installed . | . . . . . . . . . . . . . Triggered . | . . . . . . . . . . . . . Machines | -11 -10 -10 -8 -8 -6 -6 -6 -6 -5 -5 -5 -5 ---------- Run | Yrd Mat Sub Rec Scr Fac Low Low Dat Pro Fac Upp Upp Machines Disabled 11 | . 2 2 . 1 3 . . . 1 2 . . Max in Single Turn 1 | . 1 1 . 1 1 . . . 1 1 . . Garrison Access 1 | . . . . . 1 . . . . . . . Machines Repaired . | . . . . . . . . . . . . . Machines Dismantled . | . . . . . . . . . . . . . Machines Sabotaged . | . . . . . . . . . . . . . Overloaded Fab Kills . | . . . . . . . . . . . . . Hacking | -11 -10 -10 -8 -8 -6 -6 -6 -6 -5 -5 -5 -5 --------- Run | Yrd Mat Sub Rec Scr Fac Low Low Dat Pro Fac Upp Upp Machines Accessed 30 | . 6 . 1 2 7 . . 4 1 9 . . Terminals 12 | . 5 . 1 . 2 . . . . 4 . . Fabricators 1 | . . . . . . . . . . 1 . . Repair Stations . | . . . . . . . . . . . . . Recycling Units 8 | . 1 . . . 3 . . . . 4 . . Scanalyzers 1 | . . . . . 1 . . . . . . . Garrison Access 1 | . . . . . 1 . . . . . . . Total Hacks 86 | . 13 . 1 8 12 . . 31 1 20 . . Successful 60 | . 9 . 1 8 3 . . 31 1 7 . . Failed 26 | . 4 . . . 9 . . . . 13 . . Catastrophic 2 | . . . . . 2 . . . . . . . Database Lockouts . | . . . . . . . . . . . . . Manual 27 | . 13 . 1 . 1 . . . . 12 . . Terminals 26 | . 12 . 1 . 3 . . . . 10 . . Fabricators 2 | . . . . . . . . . . 2 . . Repair Stations . | . . . . . . . . . . . . . Recycling Units 15 | . 1 . . . 6 . . . . 8 . . Scanalyzers 2 | . . . . . 2 . . . . . . . Garrison Access 1 | . . . . . 1 . . . . . . . Terminal Hacks 42 | . 1 . 1 8 . . . 31 1 . . . Record 13 | . . . . 1 . . . 11 1 . . . Part Schematic 11 | . . . . . . . . 11 . . . . Robot Schematic 6 | . . . . . . . . 6 . . . . Robot Analysis 6 | . . . . 6 . . . . . . . . Prototype ID Bank 3 | . . . . . . . . 3 . . . . Open Door 1 | . . . . 1 . . . . . . . . Locate Traps 1 | . 1 . . . . . . . . . . . Zone Layout 1 | . . . 1 . . . . . . . . . Fabricator Hacks . | . . . . . . . . . . . . . Repair Station Hacks . | . . . . . . . . . . . . . Recycling Unit Hacks 6 | . 1 . . . 1 . . . . 4 . . Retrieve Components 6 | . 1 . . . 1 . . . . 4 . . Scanalyzer 1 | . . . . . 1 . . . . . . . Retrieve Study 1 | . . . . . 1 . . . . . . . Garrison Access Hacks 1 | . . . . . 1 . . . . . . . Seal Access 1 | . . . . . 1 . . . . . . . Unauthorized Hacks 10 | . 7 . . . . . . . . 3 . . Terminals 9 | . 7 . . . . . . . . 2 . . Botnet 4 | . 2 . . . . . . . . 2 . . Skim 5 | . 5 . . . . . . . . . . . Fabricators 1 | . . . . . . . . . . 1 . . Liberate 1 | . . . . . . . . . . 1 . . Repair Stations . | . . . . . . . . . . . . . Recycling Units . | . . . . . . . . . . . . . Scanalyzers . | . . . . . . . . . . . . . Garrison Access . | . . . . . . . . . . . . . Data Cores Recovered . | . . . . . . . . . . . . . Used . | . . . . . . . . . . . . . Hacking Detections 20 | . 6 . 1 . 6 . . . . 7 . . Full Trace Events 1 | . . . . . 1 . . . . . . . Feedback Events . | . . . . . . . . . . . . . Feedback Blocked . | . . . . . . . . . . . . . Robot Schematics Acquired 6 | . . . . . . . . 6 . . . . Robots Built . | . . . . . . . . . . . . . Authchips . | . . . . . . . . . . . . . Time . | . . . . . . . . . . . . . Total Robot Build Rating . | . . . . . . . . . . . . . Part Schematics Acquired 11 | . . . . . . . . 11 . . . . Parts Built . | . . . . . . . . . . . . . Authchips . | . . . . . . . . . . . . . Time . | . . . . . . . . . . . . . Total Part Build Rating . | . . . . . . . . . . . . . Part Studies Acquired 1 | . . . . . 1 . . . . . . . Parts Repaired . | . . . . . . . . . . . . . Time . | . . . . . . . . . . . . . Parts Recycled . | . . . . . . . . . . . . . Recycled Matter . | . . . . . . . . . . . . . Retrieved Matter . | . . . . . . . . . . . . . Retrieved Components 27 | . 3 . . . 10 . . . . 14 . . Parts Scanalyzed . | . . . . . . . . . . . . . Part Schematics Acquired . | . . . . . . . . . . . . . Parts Damaged . | . . . . . . . . . . . . . Bothacking | -11 -10 -10 -8 -8 -6 -6 -6 -6 -5 -5 -5 -5 ------------ Run | Yrd Mat Sub Rec Scr Fac Low Low Dat Pro Fac Upp Upp Used RIF Installer . | . . . . . . . . . . . . . Robots Hacked . | . . . . . . . . . . . . . Non-combat . | . . . . . . . . . . . . . Combat . | . . . . . . . . . . . . . Robot Hacks Applied . | . . . . . . . . . . . . . Relay Couplers Released . | . . . . . . . . . . . . . Fabnet Peak Effective % . | . . . . . . . . . . . . . Robots Rewired . | . . . . . . . . . . . . . Allies Hacked . | . . . . . . . . . . . . . Hacks Repelled . | . . . . . . . . . . . . . Allies | -11 -10 -10 -8 -8 -6 -6 -6 -6 -5 -5 -5 -5 -------- Run | Yrd Mat Sub Rec Scr Fac Low Low Dat Pro Fac Upp Upp Total Allies 14 | . . . . . 7 4 . . . 3 . . Largest Group 5 | . . . . . 5 3 2 . . 3 . . Highest-Rated Group 228 | . . . . . 228 145 80 . . 87 . . Highest-Rated Ally 49 | . . . . . 49 49 40 . . 29 . . Initial UFD Resources 25 | . . . . . 22 22 22 22 25 25 25 25 Total Orders 1 | . . . . . 1 . . . . . . . STAY 1 | . . . . . 1 . . . . . . . Ally Attacks 84 | . . . . . 35 21 14 . . 14 . . Total Damage 2530 | . . . . . 1303 575 498 . . 154 . . Kills 23 | . . . . . 13 6 4 . . . . . Allies Corrupted . | . . . . . . . . . . . . . Allies Melted . | . . . . . . . . . . . . . X0-1V1 Amusement Gains 193 | . 3 . . 50 35 . . . . 35 20 50 Good Acts 48 | . . 11 . . 12 6 6 . 5 7 1 . Bad Acts 32 | . . 5 1 . 11 1 1 . . 5 6 2 Intel | -11 -10 -10 -8 -8 -6 -6 -6 -6 -5 -5 -5 -5 ------- Run | Yrd Mat Sub Rec Scr Fac Low Low Dat Pro Fac Upp Upp Active Infowar (turns) 6890 | . . 1337 . . 945 677 480 96 682 1705 815 153 Optics 4827 | . . . . . 219 677 480 96 682 1705 815 153 Sensors 443 | . . . . . . . . . . 8 435 . Traps 661 | . . . . . . . . . . . 579 82 Seismic 2494 | . . 1337 . . 269 . . . . 888 . . Jamming 861 | . . . . . 676 185 . . . . . . Robot Analysis Total 6 | . . . . 6 . . . . . . . . Derelict Logs Recovered 6 | . . 1 . . . 1 1 . 2 . 1 . Drone Launches . | . . . . . . . . . . . . . Drone Recoveries . | . . . . . . . . . . . . . Exploration | -11 -10 -10 -8 -8 -6 -6 -6 -6 -5 -5 -5 -5 ------------- Run | Yrd Mat Sub Rec Scr Fac Low Low Dat Pro Fac Upp Upp Turns Passed 12145 | 124 1562 1559 231 2327 1734 677 480 96 682 1705 815 153 Spaces Moved 7103 | 57 617 820 191 1746 994 362 354 78 418 966 478 22 Core 10 | 3 . . . . 2 . . . . . . 5 Treads 1330 | 54 617 650 . . 3 . . . . . . 6 Legs 2188 | . . . . . 110 185 354 78 351 776 334 . Wheels 3575 | . . 170 191 1746 879 177 . . 67 190 144 11 Hover . | . . . . . . . . . . . . . Flight . | . . . . . . . . . . . . . Fastest Speed 50 | 50 160 105 105 105 95 115 124 124 124 115 120 160 Average Speed 132 | 154 160 148 105 109 127 156 127 124 127 139 138 377 Slowest Speed 1150 | 160 240 240 105 120 450 190 190 124 160 190 190 1150 Overloaded Moves . | . . . . . . . . . . . . . Propulsion Burnouts . | . . . . . . . . . . . . . Robots Hopped . | . . . . . . . . . . . . . Potential Cave-ins . | . . . . . . . . . . . . . Cave-ins Triggered . | . . . . . . . . . . . . . Exploration Rate (%) 49 | 4 91 58 32 91 27 56 58 71 57 25 64 3 Regions Visited 12 Branch Regions 9 Pre-discovered Areas 2 | . . 1 . . . . . 1 . . . . Known Exits Taken 5 | . . 1 1 . 1 . . . . 1 1 . Unknown Exits Taken 7 | 1 1 . . 1 . 1 1 1 1 . . . Scrap Searched 14 | . . . . 7 . . 3 . 1 . 2 1 Spaces Dug 68 | . . . . 3 2 . . . . 35 28 . Terrain Destroyed 102 | . 9 9 1 3 11 . 3 . 43 18 5 . Melee 9 | . . . . 3 2 . . . . 4 . . Projectile 4 | . 3 . 1 . . . . . . . . . AOE 80 | . 6 9 . . 9 . 3 . 43 10 . . Terrain Rammed . | . . . . . . . . . . . . . Walls Destroyed . | . . . . . . . . . . . . . Machines Disabled . | . . . . . . . . . . . . . Actions | -11 -10 -10 -8 -8 -6 -6 -6 -6 -5 -5 -5 -5 --------- Run | Yrd Mat Sub Rec Scr Fac Low Low Dat Pro Fac Upp Upp Total 9191 | 79 1115 1024 211 2164 1322 436 376 77 528 1234 567 58 Wait 1223 | 6 389 109 9 357 101 17 10 . 56 122 40 7 Move 7091 | 56 616 819 190 1745 993 361 353 77 417 965 477 22 Hop . | . . . . . . . . . . . . . Pick Up 112 | 5 26 7 2 20 24 4 4 . 2 16 2 . Fast Attach 96 | 6 9 . . 4 42 5 1 . 3 16 4 6 Attach 52 | . . 10 . 3 11 4 . . 4 13 5 2 Detach 8 | . 1 . . . 5 . . . 1 1 . . Swap 52 | . 4 11 . 4 10 1 2 . 6 12 2 . Drop 105 | . 23 6 . 22 27 9 2 . 3 13 . . Fire 155 | 6 47 62 10 . 1 . 1 . 6 17 5 . Melee 281 | . . . . 9 92 35 3 . 30 59 32 21 Ram . | . . . . . . . . . . . . . Kick . | . . . . . . . . . . . . . Crush . | . . . . . . . . . . . . . Escape Stasis 16 | . . . . . 16 . . . . . . . Rewire . | . . . . . . . . . . . . . Trap . | . . . . . . . . . . . . . Miscellaneous . | . . . . . . . . . . . . . Route ------- -11/Scrapyard -10/Materials (discovered 5 exits: [*Mat x3] / [*Min] / [*Sub]) -10/Subcaves (discovered 3 exits: [*Mat x2] / *Rec) -8/Recycling -8/Scraptown (discovered 2 exits: *Fac x2) -6/Factory (discovered 3 exits: *Fac / *Low x2) -6/Lower Caves -6/Lower Caves -6/Data Miner -5/Proximity Caves -5/Factory (discovered 2 exits: Fac / *Upp) -5/Upper Caves -5/Upper Caves (discovered 1 exit: *Fac) History --------- Turn | Location | Event 33 | -11/Scrapyard | Discovered new exit (range 16) 125 | -11/Scrapyard | Entered Materials 309 | -10/Materials | Discovered new exit (range 3) 317 | -10/Materials | Build established: Mutant 514 | -10/Materials | Discovered new exit (range 8) 717 | -10/Materials | Discovered new exit (range 11) 903 | -10/Materials | Discovered new exit (range 8) 1199 | -10/Materials | Discovered new exit (range 6) 1345 | -10/Materials | Learned Storage emergency access door positions 1414 | -10/Materials | Learned location of 1 exit from Storage 1473 | -10/Materials | Learned location of 1 exit from Recycling 1685 | -10/Materials | Prayed at D.C.S.S. Altar Unit 1687 | -10/Materials | Entered Subcaves 2164 | -10/Subcaves | Discovered new exit (range 16) 2221 | -10/Subcaves | Heat dissipation permanently improved by X0-1V1 (+15; -75 max core) 2550 | -10/Subcaves | Learned location of Zion (-7) 2550 | -10/Subcaves | Met a Zionite searching for "candidates" 2685 | -10/Subcaves | Learned Materials emergency access door positions 2947 | -10/Subcaves | Ambushed by Subdwellers from Twisted Machinery 2954 | -10/Subcaves | Core integrity restored by X0-1V1 (+26) 2955 | -10/Subcaves | Weapon slot count temporarily expanded by X0-1V1 (+1) 2961 | -10/Subcaves | X0-1V1 mutated your Weapon slot to Propulsion slot 2987 | -10/Subcaves | Identified exit to Recycling 2987 | -10/Subcaves | X0-1V1 revealed exit location to -8/Recycling 2999 | -10/Subcaves | X0-1V1 sent hostile S-10 Pest (x3) 3100 | -10/Subcaves | Core integrity permanently improved by X0-1V1 (+200) 3110 | -10/Subcaves | X0-1V1 sent you into danger 3159 | -10/Subcaves | Lost 4 parts (1p1n1u1w) 3224 | -10/Subcaves | Discovered new exit (range 10) 3246 | -10/Subcaves | Entered Recycling 3247 | -8/Recycling | Identified exit to Scraptown 3451 | -8/Recycling | Scanned before Scraplab entrance 3465 | -8/Recycling | Entered Scraplab 3477 | -8/Recycling | Entered Scraptown 3528 | -8/Scraptown | Heard Great Nut preacher, LISTEN AND RECITE! 3551 | -8/Scraptown | Visited UFD Registry 3551 | -8/Scraptown | Registered with UFD as "Cargodrive" 3616 | -8/Scraptown | Visited Sword Containment 3635 | -8/Scraptown | Visited DA-N13 Charitable Foundation 3651 | -8/Scraptown | Visited Junk Repository 3663 | -8/Scraptown | Visited Chapter 10 3687 | -8/Scraptown | Visited Botcube Research 3702 | -8/Scraptown | Visited Analyses Database 3836 | -8/Scraptown | Found DCF Scrap (28 items) 3856 | -8/Scraptown | Visited Junk Repository 4289 | -8/Scraptown | Discovered new exit (range 11) 4401 | -8/Scraptown | Visited The Evicted 4416 | -8/Scraptown | Visited Cyclists 4423 | -8/Scraptown | Entered Cyclist Reading Room 4449 | -8/Scraptown | Visited Fellowship of the Rings 4527 | -8/Scraptown | Visited Cave Peace 4563 | -8/Scraptown | Visited Symbiants 4599 | -8/Scraptown | Visited Scrapoid Research Area 4625 | -8/Scraptown | Visited Assassins FH 4718 | -8/Scraptown | Visited Scrapoid Pod Storage 4739 | -8/Scraptown | Visited LU-1G1's Boring Crew 4780 | -8/Scraptown | Visited Science Testing Area 5115 | -8/Scraptown | Found Prototype Slashing Weapon 5115 | -8/Scraptown | Identified Companion Sword 5216 | -8/Scraptown | Discovered new exit (range 5) 5325 | -8/Scraptown | Met Optimus 5325 | -8/Scraptown | Accepted into 0bPrime 5725 | -8/Scraptown | Civil war broke out across Scraptown 5733 | -8/Scraptown | Found Prototype Special Weapon 5778 | -8/Scraptown | Found ID Mask 5804 | -8/Scraptown | Entered Factory 5804 | -6/Factory | Evolved 8 slots: Power x1, Propulsion x2, Utility x5 5819 | -6/Factory | Lost 4 allies 6003 | -6/Factory | Spotted B-75 Beast 6017 | -6/Factory | EM resistance permanently improved by X0-1V1 (+10%; -100 max core) 6096 | -6/Factory | Destroyed B-75 Beast 6106 | -6/Factory | Lost 9 parts (2p3n4u) 6247 | -6/Factory | X0-1V1 turns hostiles against one another 6512 | -6/Factory | X0-1V1 downgraded hostiles (x1) 6584 | -6/Factory | Lost 5 parts (1p1n3u) 6665 | -6/Factory | Lost 3 parts (2n1u) 6666 | -6/Factory | Build established: Scavenger-Mutant 6720 | -6/Factory | X0-1V1 announced a LAN party 6762 | -6/Factory | X0-1V1 enhanced Transport squad support 6844 | -6/Factory | System corruption reached 10% 6850 | -6/Factory | Identified LU-1G1's Laser Shovel 6974 | -6/Factory | Discovered new exit (range 13) 6989 | -6/Factory | Core integrity fell below 50% 7133 | -6/Factory | Lost 3 parts (3n) 7188 | -6/Factory | X0-1V1 sent you to a vault 7216 | -6/Factory | Discovered new exit (range 8) 7232 | -6/Factory | Identified exit to Lower Caves 7257 | -6/Factory | Discovered exit to Lower Caves (range 11) 7261 | -6/Factory | X0-1V1 activates XOMVISION 7398 | -6/Factory | Core integrity restored by X0-1V1 (+192) 7538 | -6/Factory | Entered Lower Caves 7538 | -6/Lower Caves | Accompanied by 3 allies 7546 | -6/Lower Caves | Learned 4 Factory zone layouts 7734 | -6/Lower Caves | X0-1V1 turns hostiles against one another 7765 | -6/Lower Caves | Lost 3 allies 7898 | -6/Lower Caves | X0-1V1 sent allied X-62 Marksman (x3) 8178 | -6/Lower Caves | Discovered new exit (range 17) 8215 | -6/Lower Caves | Entered another Lower Caves area 8215 | -6/Lower Caves | Accompanied by 3 allies 8316 | -6/Lower Caves | X0-1V1 activates XOMVISION 8663 | -6/Lower Caves | Learned location of 1 exit from Factory 8688 | -6/Lower Caves | Discovered new exit (range 5) 8695 | -6/Lower Caves | Entered Data Miner 8695 | -6/Data Miner | Discovered new exit (range 6) 8717 | -6/Data Miner | Met Data Miner 8740 | -6/Data Miner | Learned location of Section 7 (-2) 8740 | -6/Data Miner | Acquired the access code to Warlord's prototype stash 8762 | -6/Data Miner | Received God Mode back door access code from Data Miner 8791 | -6/Data Miner | Entered Proximity Caves 8963 | -5/Proximity Caves | Found Alien Artifact 8963 | -5/Proximity Caves | Identified Dimensional Node Initializer 8963 | -5/Proximity Caves | Initialized slip node 8981 | -5/Proximity Caves | X0-1V1 activates XOMVISION 9017 | -5/Proximity Caves | Learned Factory security intel 9025 | -5/Proximity Caves | Learned Factory terminal intel 9277 | -5/Proximity Caves | Discovered new exit (range 16) 9289 | -5/Proximity Caves | Attracted the attention of an 0b10 checkpoint 9333 | -5/Proximity Caves | Lost 4 parts (2p1n1u) 9423 | -5/Proximity Caves | X0-1V1 activates XOMVISION 9446 | -5/Proximity Caves | Core integrity restored by X0-1V1 (+192) 9473 | -5/Proximity Caves | Entered Factory 9473 | -5/Factory | Evolved 2 slots: Utility x1, Weapon x1 9474 | -5/Factory | Identified exit to Factory 9477 | -5/Factory | Loaded intel: 26 terminal locations 9584 | -5/Factory | X0-1V1 announced a LAN party 9844 | -5/Factory | X0-1V1 mutated your Propulsion slot to Utility slot 9983 | -5/Factory | Lost 3 parts (2u1w) 10287 | -5/Factory | Lost 3 allies 10436 | -5/Factory | Build established: Scavenger-Gladiator 10495 | -5/Factory | Weapon slot count temporarily expanded by X0-1V1 (+3) 10736 | -5/Factory | System corruption reached 10% 10842 | -5/Factory | X0-1V1 activates XOMVISION 11156 | -5/Factory | Discovered new exit (range 4) 11159 | -5/Factory | Identified exit to Upper Caves 11172 | -5/Factory | X0-1V1 sent hostile H-66 Slayer (x3) 11178 | -5/Factory | Entered Upper Caves 11179 | -5/Upper Caves | Encountered a Warlord checkpoint 11417 | -5/Upper Caves | X0-1V1 sent hostile Savage (x2) 11473 | -5/Upper Caves | Build established: Scavenger-Assassin 11603 | -5/Upper Caves | Attracted the attention of an 0b10 checkpoint 11638 | -5/Upper Caves | X0-1V1 upgraded hostiles (x1) 11710 | -5/Upper Caves | Lost 7 parts (2p4n1u) 11774 | -5/Upper Caves | X0-1V1 vaporized surrounding terrain (radius 24) 11776 | -5/Upper Caves | Discovered new exit (range 17) 11989 | -5/Upper Caves | Identified exit to Upper Caves 11993 | -5/Upper Caves | Entered another Upper Caves area 12009 | -5/Upper Caves | Attracted the attention of an 0b10 checkpoint 12019 | -5/Upper Caves | Discovered exit to Factory (range 7) 12024 | -5/Upper Caves | Core integrity fell below 50% 12093 | -5/Upper Caves | Core integrity fell below 20% 12117 | -5/Upper Caves | Lost 13 parts (2p4n5u2w) 12137 | -5/Upper Caves | X0-1V1 sent hostile Thug (x4) 12146 | -5/Upper Caves | Destroyed by M7-JA3(g) with Beamcaster Last Messages --------------- 12090_ Sight range returns to normal. 12090_ Y-64 Sentinel Imp. Medium Armor Plating severed. 12094_ Penetrated by Slug. 12099_ Critical hit (Burn: +37). 12100_ Y-64 Sentinel Imp. Treads severed. 12102_ Y-64 Sentinel destroyed. 12113_ Acquired Imp. Treads. 12117_ Acquired Imp. Medium Armor Plating. 12118_ Acquired 75 matter. 12131_ 8KA|7A6KZ,AMBA/VGRC32A 12134_ Acquired X0-1V1's Piety Tracker. 12137_ X0-1V1: "C'mon, do something!" XS-ROY(g) form resolidifies at new position. 2Y-GRO(g) form resolidifies at new position. 0L-W72(g) form resolidifies at new position. M7-JA3(g) form resolidifies at new position. 12137_ Imp. Treads destroyed. 12138_ Imp. Medium Armor Plating destroyed. 12140_ Critical hit (Burn: +37). 12146_ X0-1V1 guffaws! Map ----- +----------------------------------------------------+ | ????????????????????????????????????????????? | | ????????????????????????????????????????????? | | ????????????????????????????????????????????? | | ????????????????????????????????????????????? | | ????????????????????????????????????????????? | | ????????????????????????????????????????????? | | ????????????????????????????????????????????? | | ????????????????????????????????????????????? | | ????????????????????????????????????????????? | | ????????????????????????????????????????????? | | ????????????????????????????????????????????? | | ????????????????????????????????????????????? | | ????????????????????????????????????????????? | | ????????????????????????????????????????????? | | ????????????????????????????????????????????? | | ????????????????????????????????????????????? | | ????????????????????????????????????????????? | | ??????????????????????????####??????????????? | | ????????????????????????## ???????????????? | | ???????????????????????? #???????????????? | | ???????????????????????? #???????????????? | | ???????????????????##???# g#???????????????? | | ???????????????????# #??#ggg##??????????????? | | ????????????????????# ### #??????????????? | | ?????????????????????# # < #??????????????? | | ??????????????????????#; @ #???????????????? | | ???????????????????#### #???????????????? | | ???????????????????# ;#???????????????? | | ??????????????????# ## ##???????????????? | | ??????????????????## ?#%;#???????????????? | | ???????????????????## ?# ##???????????????? | | ????????????????????### ?# #????????????????? | | ??????????????????????# ##!#????????????????? | | ??????????????????????# #????????????????? | | ??????????????????????####!;????????????????? | | ????????????????????????## #????????????????? | | ???????????????????????## ##???????????????? | | ???????????????????????# #???????????????? | | ???????????????????????# ##???????????????? | | ???????????????????????# ##????????????????? | | ?????????????????????? #?????????????????? | | ????????????????????? ??????????????????? | | ????????????????????? ??????????????????? | | ????????????????????? ??????????????????? | | ???????????????????????? ??????????????????? | | ????????????????????????? ??????????????????? | | ????????????????????????? ??????????????????? | | ????????????????????????????????????????????? | | ????????????????????????????????????????????? | | ????????????????????????????????????????????? | +----------------------------------------------------+ Best States ------------- Heat Dissipation 71 Coolant Potential 65 Energy Generation 33 Energy Capacity 1890 Matter Stores 900 Matter Capacity 900 Sight Range 24 Robot Scan Range 15 Terrain Scan Density 10 Jamming Range 12 Armor Coverage 600 Resistance: KI 19 Resistance: TH 20 Resistance: EM 10 Utility Shielding 33 Melee Speed Boost 20 Phase Shifting 5 Evasion (%) 70 Targeting Accuracy 5 Melee Accuracy 8 Core Analysis 6 Recoil Reduction 2 Force Boost 20 Offensive Hacking 10 Defensive Hacking 20 Item Schematics ----------------- Imp. Remote Shield | -6/Data Miner | Free Phase Gun | -6/Data Miner | Free Adv. Plasma Cannon | -6/Data Miner | Free Hardcell Cannon | -6/Data Miner | Free Adv. Cryofiber Web | -6/Data Miner | Free Centrium Wheel | -6/Data Miner | Free Plasma Sword | -6/Data Miner | Free Prc. Energy Filter | -6/Data Miner | Free Enh. Armored Leg | -6/Data Miner | Free Lgt. Regenerative Plating | -6/Data Miner | Free Combat Drone Bay | -6/Data Miner | Free Robot Schematics ------------------ P-70 Sage | -6/Data Miner | Free L-61 Swordsman | -6/Data Miner | Free Y-54 Guardian | -6/Data Miner | Free Y-64 Sentinel | -6/Data Miner | Free G-50 Soldier | -6/Data Miner | Free I-36 Angel | -6/Data Miner | Free Fabricated ------------ Nothing Repaired ---------- Nothing Studied --------- Wheel | -6/Factory | Hacked Alien Tech Used ----------------- Dimensional Node Initializer Achievements -------------- None Challenges ------------ None Game ------ Seed MissileAluminumMesh Manual? 0 Play Time 01:08:31 Cumulative 1680.0 hours Start 2026.07.06 @ 02:56:49 End 2026.07.07 @ 00:48:43 Sessions 3 Manual Loads 0 Difficulty Rogue Special Mode None Game No. 1196 Rogue 1156 Adventurer 40 Explorer 0 Win Type - Total 220 Types 104/11/74/2/2/4/16/2/1/4 Lore% 97 Gallery% 96 Achievement% 88 Wizard Run 0 Options --------- Layout 0 ASCII 0 Keyboard 0 Movement Numpad Keybinds 0 Fullscreen 0 Font 20/Terminus Map View 76x50 Zoom Use 0% Tactical HUD 1 Map Filters NONE Filters NONE Steam 1 RUN: d388384d-60d2-417b-8848-cd96f903a3dd